 Dungeon Crawl Stone Soup version 0.23-a0-241-g3b46b07 (webtiles) character file.

116 RoseArtemis the Chopper (level 5, -5/47 HPs)
             Began as a Hill Orc Monk on Sept 26, 2018.
             Killed by nerve-wracking pain
             ... invoked by Grinder
              (10 damage)
             ... while paralysed by Grinder
             ... on level 3 of the Dungeon.
             The game lasted 00:10:31 (4162 turns).

RoseArtemis the Chopper (Hill Orc Monk)             Turns: 4162, Time: 00:10:31

Health: -5/47      AC:  8    Str: 15    XL:     5   Next: 1%
Magic:  5/5        EV:  2    Int: 10    God:
Gold:   206        SH:  0    Dex: 13    Spells: 4/4 levels left

rFire    . . .     SeeInvis .   a - +0 hand axe
rCold    . . .     Gourm    .   (no shield)
rNeg     . . .     Faith    .   g - +0 scale mail
rPois    .         Spirit   .   (no helmet)
rElec    .         Reflect  .   d - +0 cloak
rCorr    .         Harm     .   (no gloves)
MR       .....                  k - +0 pair of boots
Stlth    ..........             (no amulet)
HPRegen  0.15/turn              (no ring)
MPRegen  0.09/turn              (no ring)

@: paralysed
A: no striking features
a: no special abilities


You were on level 3 of the Dungeon.
You were not hungry.

You visited 1 branch of the dungeon, and saw 3 of its levels.

You collected 206 gold pieces.

Inventory:

Hand Weapons
 a - a +0 hand axe (weapon)
Armour
 d - a +0 cloak (worn)
 g - a +0 scale mail (worn)
 k - a +0 pair of boots (worn)
Jewellery
 p - a +4 ring of intelligence
Wands
 h - a wand of random effects (37)
Scrolls
 e - a scroll of enchant armour {unknown}
 i - a scroll of fog {unknown}
 m - a scroll of teleportation {unknown}
 n - a scroll of fear {unknown}
 o - a scroll of enchant weapon {unknown}
Potions
 b - 3 potions of curing
 f - a potion of mutation
 j - a potion of ambrosia
Comestibles
 c - 4 rations


   Skills:
 + Level 4.6 Fighting
 * Level 5.8 Axes
 + Level 2.2 Armour
 - Level 2.4 Dodging
 - Level 1.5 Stealth


You had 4 spell levels left.
You didn't know any spells.
Your spell library was empty.

Dungeon Overview and Level Annotations

Branches:
Dungeon (3/15)

Altars:
Okawaru
Qazlal
Ru
Trog

Annotations:
D:3 Grinder


Message History

Grinder hits you. x2
You writhe in agony.
Grinder hits you.
* * * LOW HITPOINT WARNING * * *
You writhe in agony.
* * * LOW HITPOINT WARNING * * *
You can move again.
Grinder gestures at you. You resist with significant effort.
Grinder gestures at you. Pain shoots through your body!
* * * LOW HITPOINT WARNING * * *
Grinder says, "What is the universe for?"
Grinder gestures at you.
You barely resist. Grinder gestures at you.
You suddenly lose the ability to move!
Grinder gestures at you. Pain shoots through your body!
You die...

##.## #.#...# ##..#
#.#...# ###.#
#.#...######### # #.#
#.#....ยง......#
###.###.#..########.#
......#.#.........#.#
###.#.#.#...........#
#...#.#..####.#####.# #
##..#.#...5...@.....# #
#..#.##.##############
#####...................#
........##.############.#
#####............. #.# #
#..###.####### #.# #
###...##.# #.#
###......#.# #.#
.........#.# #.#


You could see Grinder.

Vanquished Creatures
  A crimson imp (D:2)
  An adder (D:2)
  2 oozes (D:1)
  2 worms
  A dart slug (D:1)
  2 leopard geckos (D:1)
  5 orcs (D:3)
  6 goblins
  6 hobgoblins
  3 jackals (D:3)
  5 kobolds
  7 bats
  4 frilled lizards
  6 rats
51 creatures vanquished.

Notes
Turn   | Place    | Note
-------+----------+-------------------------------------------
     0 | D:1      | RoseArtemis the Hill Orc Monk began the quest for the Orb.
     0 | D:1      | Reached XP level 1. HP: 19/19 MP: 1/1
   265 | D:1      | Reached XP level 2. HP: 27/27 MP: 2/2
   452 | D:1      | Reached skill level 1 in Armour
   849 | D:1      | Reached XP level 3. HP: 33/33 MP: 3/3
  1193 | D:1      | Reached skill level 5 in Axes
  1531 | D:2      | Found a bloodstained altar of Trog.
  1947 | D:2      | Reached XP level 4. HP: 40/40 MP: 4/4
  2379 | D:3      | Found a sacrificial altar of Ru.
  2381 | D:3      | Noticed Grinder
  2405 | D:3      | Paralysed by Grinder for 4 turns
  2729 | D:3      | Found an iron altar of Okawaru.
  2752 | D:3      | Found a stormy altar of Qazlal.
  3131 | D:3      | Paralysed by Grinder for 4 turns
  3784 | D:3      | Reached XP level 5. HP: 21/47 MP: 5/5
  4149 | D:3      | Paralysed by Grinder for 6 turns
  4160 | D:3      | Paralysed by Grinder for 7 turns
  4162 | D:3      | Killed from afar by Grinder

Vault maps used:
D:1:      scummos_arrival_checkerplants
D:2:      bloody_trog, minmay_misc_feat_nine_boxes
D:3:      lemuel_crystal_altar, old_standard_altar, lemuel_crystal_altar,
          first_ration, grunt_decor_fettered, uniq_grinder

Skill      XL: |  1  2  3  4 |
---------------+-------------+-----
Armour         | 1 2 |  2.2
Fighting       | 4 |  4.6
Axes           | 5 |  5.8
Dodging        | |  2.4
Stealth        | |  1.5

Action                   |  1- 3 |  4- 6 || total
-------------------------+-------+-------++-------
Melee: Hand axe          |   147 |   111 ||   258
Evoke: Wand              |       |     1 ||     1
  Use: Scroll            |     2 |     4 ||     6
       Potion            |       |     2 ||     2
 Stab: Sleeping          |     1 |       ||     1
  Eat: Chunk             |     3 |     1 ||     4
       Ration            |       |     2 ||     2
Armor: Robe              |    13 |       ||    13
       Scale mail        |    59 |    38 ||    97
Dodge: Dodged            |    89 |    38 ||   127

Table legend:
 A = Non-vault XP
 B = Vault XP
 C = Vault XP percentage of total XP
 D = Non-vault monster count
 E = Vault monster count
 F = Vault count percentage of total count
                 A         B        C        D         E       F
            +---------+---------+-------+---------+---------+-------
      Total |     167 |       0 |   0.0 |      51 |       0 |   0.0
            +---------+---------+-------+---------+---------+-------
        D:1 |      57 |       0 |   0.0 |      28 |       0 |   0.0
        D:2 |      77 |       0 |   0.0 |       9 |       0 |   0.0
        D:3 |      33 |       0 |   0.0 |      14 |       0 |   0.0
            +---------+---------+-------+---------+---------+-------
